Map: Simulacrum LE

Players

Neeb - Winner!

  • Race: Protoss Protoss
  • Spawn Location: 11:00

thermostaat (uThermal)

  • Race: Terran Terran
  • Spawn Location: 5:00

Event: Cheeseadelphia XI, Cheeseadelphia XI

VOD

Have the link to the VOD?

Description

Time

  • Played on: Dec. 14, 2019, 7:04 p.m.
  • Length: 8:06

All games in this series

Show
View Real Time Build Order
Export as new Build Order

Neeb Protoss - Winner!

Build Orders: 1 Gate Expand, Oracle Opening 

Get SALT Encoding   

  12  0:00  Probe  
  13  0:12  Probe  
  14  0:17  Pylon  
  14  0:24  Probe (Chrono Boost)  
  16  0:36  Probe (Chrono Boost), Gateway  
  16  0:43  Probe (Chrono Boost)  
  16  0:45  Assimilator  
  17  0:51  Probe  
  18  1:03  Probe  
  19  1:15  Probe  
  20  1:22  Nexus  
  20  1:32  Cybernetics Core  
  20  1:35  Probe  
  21  1:40  Assimilator  
  21  1:47  Probe  
  21  1:51  Pylon  
  22  1:59  Probe (Chrono Boost)  
  23  2:06  Adept (Chrono Boost)  
  23  2:10  Probe (Chrono Boost)  
  23  2:15  Probe (Chrono Boost)  
  26  2:21  Stargate  
  27  2:27  Warp Gate  
  27  2:28  Probe (Chrono Boost)  
  28  2:34  Probe (Chrono Boost)  
  29  2:37  Stalker  
  29  2:43  Probe x2 (Chrono Boost)  
  33  2:48  Probe (Chrono Boost)  
  33  2:50  Probe  
  35  3:00  Probe  
  35  3:01  Oracle (Chrono Boost)  
  35  3:02  Probe  
  40  3:13  Probe  
  40  3:14  Pylon  
  40  3:15  Probe  
  44  3:25  Probe  
  44  3:27  Probe  
  46  3:30  Gateway x2  
  46  3:32  Oracle (Chrono Boost)  
  47  3:37  Probe  
  47  3:39  Probe  
  49  3:42  Adept  
  49  3:43  Pylon  
  49  3:46  Pylon  
  51  3:49  Probe  
  51  3:51  Probe  
  53  4:01  Probe  
  54  4:03  Phoenix  
  56  4:16  Probe  
  54  4:19  Nexus  
  54  4:21  Pylon, Probe  
  50  4:25  Stalker  
  50  4:29  Probe  
  52  4:36  Probe  
  53  4:41  Probe  
  53  4:42  Phoenix  
  56  4:48  Probe  
  57  4:52  Stalker  
  57  4:53  Stalker, Probe  
  57  4:58  Stalker  
  64  5:00  Probe (Chrono Boost)  
  64  5:06  Assimilator  
  66  5:09  Assimilator  
  66  5:11  Probe (Chrono Boost)  
  66  5:12  Probe (Chrono Boost)  
  67  5:17  Forge  
  67  5:19  Probe x2 (Chrono Boost), Twilight Council  
  69  5:24  Pylon  
  69  5:29  Probe (Chrono Boost)  
  69  5:31  Probe (Chrono Boost)  
  71  5:35  Sentry  
  71  5:37  Probe x2 (Chrono Boost)  
  71  5:41  Probe (Chrono Boost)  
  76  5:44  Probe, Sentry  
  76  5:45  Probe  
  80  5:51  Protoss Ground Weapons Level 1 (Chrono Boost)  
  80  5:53  Probe  
  80  5:54  Blink  
  80  5:56  Probe  
  82  5:57  Probe  
  83  6:05  Probe (Chrono Boost)  
  83  6:08  Probe (Chrono Boost)  
  86  6:11  Assimilator  
  86  6:12  Sentry  
  86  6:13  Assimilator  
  86  6:14  Probe (Chrono Boost)  
  86  6:16  Probe (Chrono Boost)  
  90  6:18  Probe (Chrono Boost)  
  90  6:21  Gateway  
  90  6:22  Probe (Chrono Boost)  
  90  6:24  Gateway x2  
  91  6:27  Probe  
  91  6:28  Probe, Gateway x2  
  93  6:34  Stalker  
  93  6:35  Stalker  
  93  6:37  Probe  
  93  6:39  Probe  
  99  6:42  Pylon, Probe  
  99  6:44  Robotics Facility  
  100  6:49  Probe  
  100  6:52  Pylon  
  101  6:56  Pylon  
  101  7:03  Pylon, Probe x2  
  101  7:04  Probe  
  101  7:06  Stalker x2  
  101  7:07  Pylon  
  108  7:11  Stalker  
  110  7:18  Stalker x3  
  116  7:24  Stalker x2  
  120  7:38  Stalker x2  
  120  7:55  Stalker x6  
  120  7:56  Nexus  
Show
View Real Time Build Order
Export as new Build Order

thermostaat Terran 

Build Orders:  

Get SALT Encoding   

  12  0:01  SCV  
  13  0:13  SCV  
  14  0:17  Supply Depot  
  14  0:25  SCV  
  15  0:38  SCV  
  15  0:41  Barracks  
  16  0:43  Refinery  
  16  0:50  SCV  
  17  1:03  SCV  
  18  1:15  SCV  
  19  1:27  Marine  
  19  1:28  Orbital Command  
  20  1:47  Command Center  
  20  1:54  SCV  
  21  1:55  Factory  
  21  2:02  Barracks Reactor  
  21  2:06  SCV  
  22  2:09  Supply Depot  
  22  2:18  SCV  
  22  2:22  Refinery  
  23  2:31  SCV  
  24  2:43  SCV, Starport  
  25  2:45  Hellion x2  
  29  2:55  SCV  
  30  2:58  Orbital Command  
  30  3:06  Hellion  
  30  3:07  SCV, Hellion  
  35  3:14  Barracks Tech Lab  
  35  3:19  Medivac  
  37  3:20  SCV  
  37  3:24  SCV  
  39  3:28  Bunker  
  39  3:34  SCV  
  39  3:36  Supply Depot  
  39  3:38  Siege Tank  
  39  3:39  SCV  
  44  3:43  Marine  
  44  3:45  Marine  
  46  3:52  Refinery  
  46  3:53  Starport Tech Lab  
  46  3:58  SCV x2  
  46  4:00  Supply Depot  
  46  4:01  Marine  
  49  4:03  Marine  
  50  4:10  SCV x2  
  50  4:14  Cyclone  
  53  4:19  Marine  
  53  4:21  Marine  
  53  4:22  SCV x2  
  57  4:28  Supply Depot  
  57  4:34  SCV x2  
  57  4:36  Marine  
  54  4:40  Marine  
  55  4:46  SCV, Cyclone  
  55  4:50  SCV  
  55  4:51  Supply Depot  
  60  4:55  Marine  
  60  4:58  Marine  
  60  4:59  SCV  
  63  5:02  SCV  
  63  5:06  Command Center  
  64  5:11  SCV  
  64  5:14  SCV  
  66  5:16  Supply Depot  
  66  5:18  Marine x2  
  68  5:24  SCV  
  68  5:25  Factory Tech Lab  
  68  5:26  Barracks, SCV  
  70  5:29  Barracks  
  70  5:30  Supply Depot  
  70  5:38  Starport  
  70  5:40  Engineering Bay, SCV x2  
  70  5:42  Marine x2  
  71  5:43  Engineering Bay  
  72  5:52  SCV  
  72  5:53  SCV  
  72  5:54  Supply Depot, Factory Reactor, Refinery  
  74  6:00  Marine x2  
  74  6:01  Barracks  
  74  6:03  Barracks  
  76  6:04  SCV  
  76  6:05  SCV  
  78  6:17  Stimpack, SCV, Marine  
  80  6:18  Orbital Command  
  80  6:22  Marine x2  
  80  6:24  Combat Shield  
  82  6:26  SCV  
  82  6:29  SCV  
  82  6:30  Marauder  
  86  6:37  Medivac x2  
  86  6:39  SCV  
  91  6:40  Marine  
  91  6:42  Factory Reactor  
  91  6:45  Missile Turret  
  92  6:47  Missile Turret, Marine  
  92  6:48  SCV  
  92  6:50  Barracks Reactor, Barracks Tech Lab  
  92  6:51  Orbital Command, Marauder  
  96  6:56  Marine  
  96  6:58  SCV  
  96  7:01  SCV  
  99  7:05  Missile Turret  
  99  7:07  Medivac, Sensor Tower  
  101  7:10  SCV  
  101  7:11  Medivac  
  101  7:13  SCV  
  101  7:15  Marauder, Marine  
  108  7:17  Supply Depot  
  108  7:20  SCV  
  108  7:21  Marine  
  108  7:22  SCV, Marauder  
  113  7:25  SCV  
  113  7:27  Marine x2  
  113  7:28  Armory  
  116  7:33  Supply Depot  
  116  7:39  Marauder, Widow Mine x2  
  121  7:45  Supply Depot  
Tags
 
Add a new tag
Caveats
  • Supply blocks, unpowered buildings, or Contaminate may cause inaccurate times.
  • Supply counts are checked every 10 seconds.